 Dungeon Crawl Stone Soup version 0.30-a0-953-g5f1da4a474 (webtiles) character file.

Game seed: 14320699172936367069

811 qeuew the Poker (level 7, 0/60 HPs)
             Began as a Gnoll Chaos Knight on Mar 28, 2023.
             Was an Initiate of Vehumet.
             Slain by a red devil
             ... wielding a +0 trident
             ... summoned by Xom
              (18 damage)
             ... on level 5 of the Dungeon.
             The game lasted 00:05:17 (4510 turns).

qeuew the Poker (Gnoll Chaos Knight)                Turns: 4510, Time: 00:05:18

Health: 0/60       AC:  5    Str: 14      XL:     7   Next: 93%
Magic:  11/11      EV: 17    Int: 11      God:    Vehumet [......]
Gold:   336        SH:  0    Dex: 10 (11) Spells: 10/11 levels left

rFire   x . .      SeeInvis .    e - +9 staff of Olgreb {rPois∞}
rCold   . . .      Faith    .    (no shield)
rNeg    . . .      Spirit   .    b - +2 leather armour
rPois   ∞          Reflect  .    (no helmet)
rElec   +          Rampage  .    (no cloak)
rCorr   .          Rage     3%   (no gloves)
Will    .....                    (no boots)
Stlth   ++                       (no amulet)
HPRegen 0.30/turn                d - +5 ring of evasion
MPRegen 0.12/turn                (no ring)

@: spiked, on berserk cooldown, slowed, very slow
A: fangs 1, strong nose, distributed training, berserk 1, deterioration 1,
electricity resistance, heat vulnerability 1
a: Renounce Religion, Evoke the Staff of Olgreb


You were on level 5 of the Dungeon.
You worshipped Vehumet.
Vehumet was noncommittal.
You visited 1 branch of the dungeon, and saw 5 of its levels.

You collected 336 gold pieces.

Inventory:

Hand Weapons
 e - the +9 staff of Olgreb (weapon) {rPois∞}
   (You acquired it on level 3 of the Dungeon)

   It enhances your poison magic.
   It grants immunity to poison.
   It can be activated via the 'a'bility menu to radiate toxic energy, with
   effectiveness depending on Evocations skill.
Missiles
 o - a throwing net
Armour
 b - a +2 leather armour (worn)
Jewellery
 d - a +5 ring of evasion (left hand)
Scrolls
 g - a scroll of enchant armour
 h - 2 scrolls of magic mapping
 m - 2 scrolls of butterflies {unknown}
 n - a scroll of teleportation
 q - a scroll of noise {unknown}
 r - a scroll of poison {unknown}
 s - a scroll of identify
Potions
 a - a potion of might {unknown}
 f - 2 potions of haste
 i - a potion of berserk rage
 j - a potion of magic
 p - 2 potions of degeneration {unknown}
Miscellaneous
 c - a piece from Xom's chessboard (15/15) (quivered)


   Skills:
 + Level 7.2 Fighting
 + Level 2.9 Short Blades
 + Level 2.9 Long Blades
 + Level 2.9 Axes
 + Level 2.9 Maces & Flails
 + Level 7.2 Polearms
 + Level 2.9 Staves
 + Level 2.9 Ranged Weapons
 + Level 2.9 Throwing
 + Level 5.4 Armour
 + Level 3.9 Dodging
 + Level 2.9 Stealth
 + Level 2.9 Shields
 + Level 2.9 Unarmed Combat
 + Level 2.9 Spellcasting
 + Level 2.3 Conjurations
 + Level 2.3 Hexes
 + Level 2.3 Summonings
 + Level 2.3 Necromancy
 + Level 2.3 Translocations
 + Level 2.3 Transmutations
 + Level 2.3 Fire Magic
 + Level 2.3 Ice Magic
 + Level 2.3 Air Magic
 + Level 2.3 Earth Magic
 + Level 2.3 Poison Magic
 + Level 3.2 Invocations
 + Level 2.9 Evocations


You had 10 spell levels left.
You knew the following spells:

 Your Spells              Type           Power      Damage    Failure   Level
a - Magic Dart            Conj           24%        1d4       12%         1

Your spell library contained the following spells:

 Spells                   Type           Power      Damage    Failure   Level
 Call Imp                 Summ           6%         N/A       19%         2
 Mephitic Cloud           Conj/Pois/Air  10%        N/A       36%         3


Dungeon Overview and Level Annotations

Branches:
Dungeon (5/15)
 Temple: D:4-7

Altars:
Ashenzari
Fedhas
Makhleb
Sif Muna
Vehumet
Xom

Shops:
D:3 [


Innate Abilities, Weirdness & Mutations

You have very sharp teeth.
Your uncanny sense of smell can sniff out nearby items.
Your experience applies equally to all skills.
You sometimes lose your temper in combat.
Your body sometimes deteriorates upon taking damage.
You are resistant to electric shocks. (rElec)
You are vulnerable to heat. (rF-)


Message History

The barbs in your skin will harm you if you move.
Continue?
Okay, then.
The shadow imp gestures at you. Pain shoots through your body!
* * * LOW HITPOINT WARNING * * *
The red devil misses you.
You are too berserk!
You sock the shadow imp!
You kill the shadow imp!
The shadow imp disappears in a puff of smoke!
The barbs in your skin will harm you if you move.
Continue?
Okay, then.
The red devil misses you.
You feel a strong urge to attack something.
The red devil hits you from afar with a +0 trident!
* * * LOW HITPOINT WARNING * * *
Barbed spikes become lodged in your body.
You feel your anger nearly subside.
You are no longer berserk.
You are exhausted.
You feel yourself slow down.
The red devil hits you from afar with a +0 trident!
* * * LOW HITPOINT WARNING * * *
Barbed spikes become lodged in your body.
Okay, then.
As you read the scroll of fear, it crumbles to dust.
You assume a fearsome visage.
The red devil looks frightened!
The barbs in your skin will harm you if you move.
Continue? [Y]es or [N]o only, please.
The barbs in your skin will harm you if you move.
Continue?
Okay, then.
You are confused.
You feel invigorated.
You feel less invigorated.
You feel less confused. The red devil misses you.
The red devil hits you from afar with a +0 trident.
* * * LOW HITPOINT WARNING * * *
Barbed spikes become lodged in your body.
The red devil hits you from afar with a +0 trident!!
You die...

#####.## #.#
#....# #.# #....#
#.# #....# #.#
###.## #.# #.##
#.# #.##
#.#############.##
#@.4..............
###############.##
#..........
#.########. #.# #.
#.# #. #.########.
#....[.....
##########.


You could see a red devil (summoned).

Vanquished Creatures
  2 ice beasts (D:5)
  4 scorpions (D:5)
  A crimson imp (D:3)
  A hound (D:4)
  A sleepcap (D:5)
  A gnoll bouda (D:5)
  3 iguanas (D:5)
  4 gnolls (D:5)
  4 adders
  A shadow imp (D:5)
  2 ufetubi (D:4)
  4 dart slugs
  14 orcs
  7 ball pythons
  12 endoplasms
  2 giant cockroaches
  6 goblins
  4 hobgoblins
  3 jackals (D:1)
  2 quokkas
  5 bats
  A frilled lizard (D:2)
  3 kobolds
  7 rats
94 creatures vanquished.

Vanquished Creatures (collateral kills)
  2 worms (D:1)
  3 endoplasms (D:1)
  A rat (D:1)
6 creatures vanquished.

Vanquished Creatures (others)
  An adder zombie (D:3)
1 creature vanquished.

Grand Total: 101 creatures vanquished

Notes
Turn   | Place    | Note
-------+----------+-------------------------------------------
     0 | D:1      | qeuew the Gnoll Chaos Knight began the quest for the Orb.
     0 | D:1      | Reached XP level 1. HP: 23/23 MP: 1/1
     1 | D:1      | Found a runed translucent door.
    53 | D:1      | Reached XP level 2. HP: 29/29 MP: 2/2
   311 | D:1      | XOM: scenery: summon butterflies
   447 | D:1      | Reached XP level 3. HP: 34/35 MP: 3/3
   452 | D:1      | XOM: cast spell 'Summon Cactus Giant'
   460 | D:1      | Reached skill level 1 in Invocations
   474 | D:1      | Gained mutation: You are frail. (-10% HP) [potion of
                  | mutation]
   474 | D:1      | Gained mutation: Your muscles are strong. (Str +4, Int/Dex
                  | -1) [potion of mutation]
   534 | D:2      | XOM: polymorph ball python -> rat
   536 | D:2      | Reached skill level 1 in Short Blades
   536 | D:2      | Reached skill level 1 in Long Blades
   536 | D:2      | Reached skill level 1 in Axes
   536 | D:2      | Reached skill level 1 in Maces & Flails
   536 | D:2      | Reached skill level 1 in Staves
   536 | D:2      | Reached skill level 1 in Ranged Weapons
   536 | D:2      | Reached skill level 1 in Throwing
   536 | D:2      | Reached skill level 1 in Stealth
   536 | D:2      | Reached skill level 1 in Shields
   536 | D:2      | Reached skill level 1 in Unarmed Combat
   536 | D:2      | Reached skill level 1 in Spellcasting
   536 | D:2      | Reached skill level 1 in Evocations
   606 | D:2      | Reached XP level 4. HP: 33/36 MP: 5/5
   762 | D:2      | XOM: give mutation
   762 | D:2      | Gained mutation: Your spells are a little harder to cast,
                  | but a little more powerful. [Xom's grace]
   990 | D:2      | XOM: cloud trail
  1076 | D:2      | Found a shimmering blue altar of Sif Muna.
  1106 | D:2      | Reached skill level 1 in Conjurations
  1106 | D:2      | Reached skill level 1 in Hexes
  1106 | D:2      | Reached skill level 1 in Summonings
  1106 | D:2      | Reached skill level 1 in Necromancy
  1106 | D:2      | Reached skill level 1 in Translocations
  1106 | D:2      | Reached skill level 1 in Transmutations
  1106 | D:2      | Reached skill level 1 in Fire Magic
  1106 | D:2      | Reached skill level 1 in Ice Magic
  1106 | D:2      | Reached skill level 1 in Air Magic
  1106 | D:2      | Reached skill level 1 in Earth Magic
  1106 | D:2      | Reached skill level 1 in Poison Magic
  1323 | D:2      | XOM: god gift: 7 stones
  1431 | D:3      | XOM: stealth player
  1433 | D:3      | XOM: cloud trail
  1664 | D:3      | XOM: torment (19/36 hp)
  1747 | D:3      | XOM: give mutations
  1747 | D:3      | Gained mutation: Your flesh is heat resistant. (rF+) [Xom's
                  | mischief]
  1747 | D:3      | Gained mutation: You are resistant to electric shocks.
                  | (rElec) [Xom's mischief]
  1848 | D:3      | XOM: give mutations
  1848 | D:3      | Lost mutation: Your flesh is heat resistant. (rF+) [Xom's
                  | mischief]
  1848 | D:3      | Gained mutation: You are vulnerable to heat. (rF-) [Xom's
                  | mischief]
  1848 | D:3      | Gained mutation: You sometimes lose your temper in combat.
                  | [Xom's mischief]
  1848 | D:3      | Gained mutation: Your body sometimes deteriorates upon
                  | taking damage. [Xom's mischief]
  1848 | D:3      | Lost mutation: You sometimes lose your temper in combat.
                  | [Xom's mischief]
  1932 | D:3      | Reached XP level 5. HP: 38/42 MP: 5/7
  1940 | D:3      | XOM: 5-stop teleportation journey
  2015 | D:3      | XOM: 4-stop teleportation journey
  2258 | D:3      | Found a shimmering altar of Xom.
  2258 | D:3      | Found a burning altar of Makhleb.
  2263 | D:3      | XOM: god gift: 4 stones
  2264 | D:3      | XOM: scenery: summon butterflies
  2393 | D:3      | Found Feng's Antique Armour Emporium.
  2653 | D:3      | Identified a scroll of acquirement
  2653 | D:3      | Acquired the +9 staff of Olgreb {rPois∞}
  2653 | D:3      | Found the +9 staff of Olgreb {rPois∞}
  2659 | D:3      | Learned a level 1 spell: Magic Dart
  2815 | D:4      | Found a radiant altar of Vehumet.
  2918 | D:4      | Found a blossoming altar of Fedhas.
  2953 | D:4      | Identified the +3 dagger of Insufficient Pleasure {vamp,
                  | Fragile rElec Int+4 Stlth+}
  2993 | D:4      | Found a broken altar of Ashenzari.
  3210 | D:4      | Fell from the grace of Xom
  3210 | D:4      | Became a worshipper of Vehumet
  3244 | D:5      | Entered Level 5 of the Dungeon
  3295 | D:5      | Reached skill level 5 in Armour
  3295 | D:5      | Reached XP level 6. HP: 44/47 MP: 7/9
  3322 | D:5      | Noticed an ice beast
  3333 | D:5      | Killed an ice beast
  3489 | D:5      | Reached XP level 7. HP: 35/54 MP: 10/10
  3504 | D:5      | Identified the +7 sling "Conservator" {freeze, rC- rN++
                  | rCorr Dex+2}
  3609 | D:5      | XOM: stat loss: -3 Dex (9/12)
  3834 | D:5      | XOM: give mutations
  3834 | D:5      | Lost mutation: You are frail. (-10% HP) [Xom's mischief]
  3834 | D:5      | Gained mutation: You sometimes lose your temper in combat.
                  | [Xom's mischief]
  3834 | D:5      | Lost mutation: Your muscles are strong. (Str +4, Int/Dex
                  | -1) [Xom's mischief]
  3834 | D:5      | Lost mutation: Your spells are a little harder to cast, but
                  | a little more powerful. [Xom's mischief]
  4487 | D:5      | XOM: summons 4 hostile demons
  4488 | D:5      | Noticed a red devil
  4510 | D:5      | Slain by a red devil

Illustrated notes

Levels and vault maps discovered:
D:1:      dpeg_arrival_caged_fury, layout_rooms, minmay_misc_feat_pillars
D:2:      minmay_skewed_foursquare, layout_loops_corners, basic_altar,
          nrook_uturn, minmay_domino_4
D:3:      layout_basic, grunt_temple_overflow_champion_of_chaos, serial_shops,
          nicolae_shop_hallway_stairs
D:4:      layout_rooms, nicolae_ashenzari_skybound,
          mainiacjoe_overflow_alcove_2, fedhas_altar_3
D:5:      layout_basic, chequers_serial_rivers_small_b

Skill      XL: |  1  2  3  4  5  6  7 |
---------------+----------------------+-----
Invocations    | 1 2 3 |  3.2
Short Blades   | 1 2 |  2.9
Long Blades    | 1 2 |  2.9
Axes           | 1 2 |  2.9
Maces & Flails | 1 2 |  2.9
Staves         | 1 2 |  2.9
Ranged Weapons | 1 2 |  2.9
Throwing       | 1 2 |  2.9
Stealth        | 1 2 |  2.9
Shields        | 1 2 |  2.9
Unarmed Combat | 1 2 |  2.9
Spellcasting   | 1 2 |  2.9
Evocations     | 1 2 |  2.9
Conjurations   | 1 2 |  2.3
Hexes          | 1 2 |  2.3
Summonings     | 1 2 |  2.3
Necromancy     | 1 2 |  2.3
Translocations | 1 2 |  2.3
Transmutations | 1 2 |  2.3
Fire Magic     | 1 2 |  2.3
Ice Magic      | 1 2 |  2.3
Air Magic      | 1 2 |  2.3
Earth Magic    | 1 2 |  2.3
Poison Magic   | 1 2 |  2.3
Dodging        | 3 |  3.9
Armour         | 5 |  5.4
Fighting       | 7 |  7.2
Polearms       | 7 |  7.2

Action                     |  1- 3 |  4- 6 |  7- 9 || total
---------------------------+-------+-------+-------++-------
  Melee: Spear             |    83 |    73 |       ||   156
         Bite              |     7 |     8 |     9 ||    24
         Punch             |     1 |     2 |     2 ||     5
         Staff             |       |    59 |    52 ||   111
   Fire: Sling             |       |       |    21 ||    21
Ability: Evoke the Staff o |       |     1 |       ||     1
    Use: Scroll            |     3 |     9 |     1 ||    13
         Potion            |     3 |     1 |     1 ||     5
   Stab: Sleeping          |     1 |     4 |       ||     5
         Paralysed         |     1 |       |       ||     1
 Armour: Leather armour    |    15 |    15 |     7 ||    37
  Dodge: Dodged            |    24 |    84 |    54 ||   162

Table legend: (Time is in decaauts)
 A = Elapsed time spent in this place.
 B = Non-inter-level travel time spent in this place.
 C = Inter-level travel time spent in this place.
 D = Time resting spent in this place.
 E = Time spent auto-exploring this place.
 F = Levels seen in this place.
 G = Mean time per level.
                   A        B        C        D        E       F      G
               +--------+--------+--------+--------+--------+-----+--------+
         Total |   4497 |   4370 |    127 |      0 |   3740 |   5 |  899.4 |
       Dungeon |   4497 |   4370 |    127 |      0 |   3740 |   5 |  899.4 |
               +--------+--------+--------+--------+--------+-----+--------+

Top non-repeatable levels by time:
     D:5: 1279 daAuts
     D:3: 1265 daAuts
     D:2: 934 daAuts
     D:4: 546 daAuts
     D:1: 471 daAuts
